AoeStats
← Sodythaek

Black Forest

509735296Analyzed
3v3 RM · 6d ago on Sep 27, 2026· 32m 45s· 6 players
Game mode
Random Map
Map size
Normal (6 player)
Population
200
Speed
Normal
Resources
Standard
Victory
Conquest
Starting age
Dark Age
Ending age
Imperial Age
RankedLock teamsTeams togetherTeam positionsShared explorationLock speedFull tech treeHidden civsTurbo modeCheats
Victory
Defeat
🇪🇸 Gurjaras · Spain
1367
+14
🇫🇷 Wei · France
1348
+15
🇬🇧 Bohemians · United Kingdom
1286
+18
🇫🇷 Danes · France
1341
-16
🇫🇷 Hindustanis · France
1324
-16
🇫🇷 Bulgarians · France
1310
-15
Beerial
12:31 Feudal Age
16:08 Castle Age
14:32 Double-Bit Axe
14:37 Fishing Lines
17:08 Bow Saw
17:11 Gillnets
18:04 Horse Collar
22:10 Heavy Plow
23:04 Gold Mining
23:18 Stone Mining
24:11 Wheelbarrow
23:46 Loom
23:46 Town Watch
24:30 Scale Barding Armor
25:25 Stone Shaft Mining
25:28 Gold Shaft Mining
25:28 Hand Cart
26:13 Treadmill Crane
26:45 Masonry
30:01 Imperial Age
28:13 Chain Barding Armor
28:44 Forging
29:57 Fletching
30:42 Iron Casting
30:00 Fletching
30:36 Ballistics
31:07 Conscription
31:00 Elite Tiger Cavalry
33:47 Blast Furnace
32:42 Bodkin Arrow
jaishanzaman
10:48 Feudal Age
14:30 Castle Age
12:20 Horse Collar
12:45 Double-Bit Axe
15:25 Wheelbarrow
15:37 Bow Saw
16:22 Heavy Plow
16:34 Heavy Plow
17:26 Heavy Plow
20:08 Loom
26:32 Imperial Age
24:52 Scale Mail Armor
25:02 Forging
25:41 Pikeman
27:01 Chain Mail Armor
27:21 Iron Casting
26:38 Halberdier
28:41 Two-Man Saw
28:20 Plate Mail Armor
29:14 Chemistry
31:13 Houfnice
jose1998maria
0:49 Loom
10:38 Feudal Age
11:48 Double-Bit Axe
16:29 Horse Collar
21:45 Forging
23:35 Scale Barding Armor
25:25 Bloodlines
26:02 Wheelbarrow
26:02 Gold Mining
28:37 Castle Age
27:18 Stone Mining
29:59 Chain Barding Armor
29:43 Heavy Plow
30:36 Iron Casting
30:39 Husbandry
Sodythaek
0:49 Loom
11:25 Feudal Age
15:23 Castle Age
13:52 Double-Bit Axe
14:37 Horse Collar
16:03 Scale Barding Armor
16:51 Forging
19:54 Bow Saw
20:50 Heavy Plow
23:36 Wheelbarrow
26:12 Chain Barding Armor
27:59 Hand Cart
27:35 Town Watch
28:18 Bloodlines
29:03 Husbandry
30:00 Padded Archer Armor
30:38 Iron Casting
31:01 Gold Mining
archimonde
13:07 Feudal Age
14:42 Double-Bit Axe
14:38 Horse Collar
17:28 Castle Age
18:31 Bow Saw
21:40 Imperial Age
19:23 Fishing Lines
22:03 Onager
23:58 Gillnets
26:09 Loom
26:59 Wheelbarrow
26:19 Gold Mining
26:57 Heavy Plow
27:11 Scale Mail Armor
29:59 Hand Cart
31:21 Chain Mail Armor
31:47 Forging
31:02 Elite Varangian Guard
31:43 Squires
Guizz
0:30 Loom
11:45 Feudal Age
16:00 Castle Age
29:14 Double-Bit Axe
31:00 Wheelbarrow
31:21 Bow Saw
30:56 Horse Collar
31:53 Heavy Plow
Connection lost

Rejoining the realm…

Still unreachable

The connection could not be restored.

Session expired

The server has moved on; the page needs a fresh start.